 Dungeon Crawl Stone Soup version 0.30.1 (webtiles) character file.

Game seed: 6998338505598315166

32830 AiryTheDragon the Thaumaturge (level 13, 0/84 HPs)
             Began as a Demonspawn Fire Elementalist on July 8, 2023.
             Was a High Priest of Vehumet.
             Slain by an earth elemental (18 damage)
             ... on level 1 of the Elven Halls on July 9, 2023.
             The game lasted 04:38:38 (14404 turns).

AiryTheDragon the Thaumaturge (DsFE)               Turns: 14404, Time: 04:38:39

Health: 0/84       AC: 15    Str: 10      XL:     13   Next: 33%
Magic:  13/25      EV: 14    Int: 17 (18) God:    Vehumet [*****.]
Gold:   81         SH:  6    Dex: 20      Spells: 0/34 levels left

rFire   + . .        d - +8 trident (venom)
rCold   + + .        r - +0 buckler
rNeg    . . .        j - +2 leather armour {rC+ rF+}
rPois   .            l - +0 hat
rElec   .            T - +2 cloak {rCorr}
rCorr   +            U - +0 pair of gloves
SInv    .            q - +0 pair of boots
Will    +....        L - amulet of magic regeneration
Stlth   +++          i - ring of willpower
HPRegen 0.34/turn    R - +6 ring of dexterity
MPRegen 0.59/turn

%: no passive effects
@: brilliant, studying Fighting
A: horns 2, icy blue scales 2, demonic magic 3, clumsy 1, cold resistance 1,
deterioration 1, low MP 1
a: Renounce Religion


You were on level 1 of the Elven Halls.
You worshipped Vehumet.
Vehumet was extremely pleased with you.
You visited 4 branches of the dungeon, and saw 13 of its levels.
You also visited: Bailey and Ice Cave.

You collected 2170 gold pieces.
You spent 2089 gold pieces at shops.

Inventory:

Hand Weapons
 d - a +8 trident of venom (weapon)
 f - a +1 dagger of electrocution
 y - a +6 great sword of freezing
 z - the +5 dagger of the Original Sin {heavy, rElec rF- rN+ Dex+5}
   (You found it on level 3 of the Dungeon)

   Dex:       It affects your dexterity (+5).
   rF:        It makes you vulnerable to fire.
   rElec:     It insulates you from electricity.
   rN:        It protects you from negative energy.
 G - a +2 whip of distortion
Missiles
 a - 13 boomerangs
 g - 77 poisoned darts
 t - 4 throwing nets
 F - 7 curare-tipped darts
Armour
 j - a +2 leather armour of resistance (worn)
 l - a +0 hat (worn)
 q - a +0 pair of boots (worn)
 r - a +0 buckler (worn)
 K - a +0 scale mail
 S - a +0 chain mail of cold resistance
 T - a +2 cloak of preservation (worn)
 U - a +0 pair of gloves (worn)
Magical Staves
 B - a staff of fire
 I - a staff of conjuration
Jewellery
 b - a ring of protection from cold
 i - a ring of willpower (left hand)
 L - an amulet of magic regeneration (around neck)
 R - a +6 ring of dexterity (right hand)
Wands
 e - a wand of paralysis (5)
 m - a wand of acid (26)
 v - a wand of iceblast (12)
 w - a wand of polymorph (6)
 Y - a wand of flame (10)
Scrolls
 c - 2 scrolls of fear
 h - 2 scrolls of magic mapping
 n - 5 scrolls of teleportation
 A - 2 scrolls of butterflies
 P - a scroll of poison {unknown}
 X - a scroll of blinking
Potions
 k - 3 potions of brilliance
 p - a potion of lignification
 s - 3 potions of might
 C - a potion of heal wounds
 E - a potion of haste {unknown}
 H - a potion of resistance {unknown}
 O - a potion of magic
 Z - a potion of cancellation
Miscellaneous
 V - a box of beasts


   Skills:
 * Level 2.2 Fighting
 + Level 0.6 Short Blades
 + Level 0.8 Axes
 + Level 1.3 Staves
 + Level 7.5 Armour
 * Level 5.2 Dodging
 + Level 5.7 Stealth
 * Level 3.4 Shields
 + Level 0.2 Unarmed Combat
 + Level 11.3 Spellcasting
 + Level 4.1 Conjurations
 + Level 6.4 Summonings
 * Level 3.0 Transmutations
 + Level 9.4 Fire Magic
 * Level 1.8 Ice Magic
 + Level 3.7 Air Magic
 + Level 0.4 Earth Magic
 + Level 5.0 Poison Magic
 * Level 4.4 Evocations


You couldn't memorise any spells.
You knew the following spells:

 Your Spells              Type           Power      Damage    Failure   Level
a - Foxfire               Conj/Fire      100%       2x1d9     1%          1
b - Eringya's Noxious Bo  Tmut/Pois      17%        N/A       67%         6
c - Scorch                Fire           100%       2d9       1%          2
d - Poisonous Vapours     Pois/Air       72%        N/A       1%          2
e - Flame Wave            Conj/Fire      48%        2d12      2%          4
f - Hailstorm             Conj/Ice       29%        3d8       3%          3
g - Dazzling Flash        Conj/Hex       48%        N/A       5%          3
h - Call Imp              Summ           94%        N/A       1%          2
i - Ignite Poison         Fire/Tmut/Pois 44%        N/A       1%          3
j - Mephitic Cloud        Conj/Pois/Air  36%        N/A       1%          3
k - Freezing Cloud        Conj/Ice/Air   15%        6-21      26%         5

Your spell library contained the following spells:

 Spells                   Type           Power      Damage    Failure   Level
 Magic Dart               Conj           100%       1d8       1%          1
 Inner Flame              Hex/Fire       38%        N/A       1%          3
 Volatile Blastmotes      Fire/Tloc      76%        2d16      1%          3
 Sandblast                Erth           32%        2d9       3%          1
 Cigotuvi's Dreadful Rot  Necr/Pois/Air  58%        N/A       6%          2
 Summon Guardian Golem    Hex/Summ       30%        N/A       11%         3
 Apportation              Tloc           28%        N/A       14%         1
 Iskenderun's Battlesphe  Conj           35%        2d9       17%         5
 Vhi's Electric Charge    Tloc/Air       48%        N/A       19%         3
 Arcjolt                  Conj/Air       17%        1d27      19%         5
 Blink                    Tloc           28%        N/A       22%         2
 Yara's Violent Unravell  Hex/Tmut       11%        3d6       45%         5
 Alistair's Intoxication  Tmut/Pois      22%        N/A       58%         5
 Manifold Assault         Tloc           14%        N/A       80%         4
 Iron Shot                Conj/Erth      12%        9d3       88%         6
 Spellforged Servitor     Conj/Summ      20%        N/A       95%         7
 Orb of Destruction       Conj           17%        9d7       99%         7
 Enfeeble                 Hex            7%         N/A       100%        7
 Storm Form               Tmut/Air       15%        N/A       100%        7
 Maxwell's Capacitive Co  Air            16%        ∞         100%        8


Dungeon Overview and Level Annotations

Branches:
Dungeon (9/15)             Temple (1/1) D:4             Orc (2/2) D:9
    Elf (1/3) Orc:2        Bailey (visited)           IceCv (visited)
   Lair: D:8-11

Altars:
Ashenzari
Cheibriados
Dithmenos
Fedhas
Gozag
Hepliaklqana
Makhleb
Nemelex Xobeh
Okawaru
Qazlal
Ru
Sif Muna
Trog
Uskayaw
Vehumet
Wu Jian
Xom
Yredelemnul

Shops:
D:2 (   Orc:2 [?:?


Innate Abilities, Weirdness & Mutations

You have a pair of horns on your head.
You are mostly covered in icy blue scales. (AC +3)
Spells you cast and wands you use may paralyse nearby enemies.
You are clumsy. (Dex -2)
Your flesh is cold resistant. (rC+)
Your body sometimes deteriorates upon taking damage.
Your magical capacity is low. (-10% MP)


Message History

Casting: Freezing Cloud (dangerous; 24% risk of failure)
Confirm with . or Enter, or press ? or * to list all spells.
You feel a surge of power!
Flames lash the deep elf pyromancer.
The deep elf pyromancer is moderately wounded.
The deep elf pyromancer's fire resistance burns away.
Malevolent energies surge around you.
You are engulfed in freezing vapours.
You resist.
The deep elf zephyrmancer is engulfed in freezing vapours.
The deep elf pyromancer is engulfed in freezing vapours.
Casting: Scorch (safe; 1% risk of failure)
Confirm with . or Enter, or press ? or * to list all spells.
Casting: Flame Wave (dangerous; 2% risk of failure)
Press: ? - help, Dir - look around, f - activate You feel a surge of power!
A wave of flame ripples out!
You hear a sizzling sound! x4
The flame wave engulfs the earth elemental but does no damage.
You hear a sizzling sound! (Press . to intensify the flame waves.) Malevolent energies surge around you.
You are engulfed in freezing vapours.
You resist.
The deep elf zephyrmancer is no longer paralysed.
The deep elf pyromancer is no longer paralysed.
The earth elemental hits you!!
* * * LOW HITPOINT WARNING * * *
Your body deteriorates!
You feel dopey.
The deep elf zephyrmancer is engulfed in freezing vapours.
You kill the deep elf zephyrmancer!
Vehumet accepts your kill.
The deep elf pyromancer is engulfed in freezing vapours.
You kill the deep elf pyromancer!
Vehumet accepts your kill.
You feel your power returning.
Your Fighting skill increases to level 2!
Your Transmutations skill increases to level 3!
Your Poison Magic skill increases to level 5!
You are engulfed in freezing vapours.
You resist.
* * * LOW HITPOINT WARNING * * *
The deep elf zephyrmancer is no longer paralysed.
The earth elemental hits you!!
You die...

.........
...$... .......
. ..... . ...
##...## ...
....#..§☼§#....
.°☼○)°...§.....
.☼..)○.@.§.....
.○..☼☼.E../....
..e.#.e...#...$
... ##.e.## ...
. ..... .
....... .......
.........


You could see an earth elemental, 2 deep elf pyromancers and a deep elf
zephyrmancer.

Vanquished Creatures
  2 ironbound frosthearts (IceCv)
  The ghost of AgateBread the Arsonist, a novice HOFE of Vehumet (D:8)
  2 two-headed ogres
  5 orc high priests
  4 death yaks (IceCv)
  Nergalle (Orc:1)
  Pikel (D:8)
  A deep elf pyromancer (Elf:1)
  3 deep elf zephyrmancers (Elf:1)
  3 orc sorcerers (Orc:2)
  An ugly thing (IceCv)
  An orc knight (Orc:1)
  2 cyclopes
  An ice statue (IceCv)
  Maurice (D:9)
  Psyche (D:8)
  Maggie (D:7)
  9 polar bears (IceCv)
  2 hornets (D:9)
  Sigmund (D:4)
  Eustachio (D:5)
  14 yaks (IceCv)
  A wyvern (D:8)
  3 steam dragons (D:7)
  2 vampire mosquitoes (D:9)
  Menkaure (D:5)
  4 wargs
  An acid dragon (D:9)
  Duvessa (D:4)
  Edmund (D:4)
  A sky beast (D:8)
  A swamp drake (D:9)
  30 orc warriors
  An ice beast (D:7)
  3 black bears (D:7)
  8 ogres
  19 wolves (IceCv)
  A centaur (D:5)
  A phantom (D:6)
  11 kobold brigands
  A gnoll sergeant (D:5)
  3 two-headed ogre simulacra (Orc:2)
  3 bullfrogs
  A cane toad simulacrum (Orc:2)
  2 scorpions (D:6)
  6 wights
  Dowan (D:4)
  4 killer bees (D:9)
  5 electric eels (D:7)
  2 howler monkeys (D:9)
  5 hounds
  Crazy Yiuf (D:3)
  A gnoll bouda (D:5)
  26 orc priests
  3 jellies
  A sleepcap (D:6)
  Jessica (D:2)
  5 iguanas
  31 orc wizards
  A wolf simulacrum (Orc:2)
  A spriggan simulacrum (Orc:2)
  A troll simulacrum (Orc:2)
  3 gnolls (D:5)
  2 adders
  A shadow imp (D:5)
  A white imp (D:6)
  An ufetubus (D:4)
  2 worms
  4 dart slugs
  77 orcs
  9 endoplasms
  A giant cockroach (D:1)
  4 goblins
  8 hobgoblins
  5 jackals
  13 kobolds
  4 quokkas
  7 ball pythons
  6 bats
  6 frilled lizards
  10 rats
417 creatures vanquished.

Vanquished Creatures (collateral kills)
  A boulder beetle (D:9)
  A polar bear (IceCv)
  4 yaks (IceCv)
  2 orc warriors (Orc:2)
  A two-headed ogre simulacrum (Orc:2)
  A wight (D:9)
  An orc priest (Orc:2)
  2 orc wizards (Orc:2)
  5 orcs
  A kobold (D:9)
  A foxfire (D:7)
20 creatures vanquished.

Vanquished Creatures (others)
  A kobold demonologist (D:8)
  A kobold brigand (D:8)
  An orc (D:7)
  406 foxfires
409 creatures vanquished.

Grand Total: 846 creatures vanquished

Notes
Turn   | Place    | Note
-------+----------+-------------------------------------------
     0 | D:1      | AiryTheDragon the Demonspawn Fire Elementalist began the
                  | quest for the Orb.
     0 | D:1      | Reached XP level 1. HP: 13/13 MP: 3/3
    24 | D:1      | Found a faded altar of an unknown god.
    40 | D:1      | Prayed at the altar of an unknown god.
    40 | D:1      | Became a worshipper of Vehumet
    40 | D:1      | Reached * piety under Vehumet
    40 | D:1      | Offered knowledge of Sandblast by Vehumet.
   135 | D:1      | Learned a level 1 spell: Sandblast
   173 | D:1      | Gained mutation: You are partially covered in icy blue
                  | scales. (AC +2) [demonic ancestry]
   173 | D:1      | Reached XP level 2. HP: 17/19 MP: 5/5
   186 | D:1      | Learned a level 2 spell: Scorch
   380 | D:1      | Reached ** piety under Vehumet
   380 | D:1      | Offered knowledge of Poisonous Vapours by Vehumet.
   682 | D:2      | Gained mutation: Spells you cast may paralyse adjacent
                  | enemies. [demonic ancestry]
   682 | D:2      | Reached XP level 3. HP: 5/24 MP: 1/6
   685 | D:2      | Learned a level 2 spell: Poisonous Vapours
   950 | D:2      | Noticed an ogre
   958 | D:2      | Killed an ogre
   959 | D:2      | Reached XP level 4. HP: 16/31 MP: 4/8
  1159 | D:2      | Noticed Jessica
  1166 | D:2      | Killed Jessica
  1167 | D:2      | Reached XP level 5. HP: 36/36 MP: 5/9
  1380 | D:2      | Found Uxkips's Weapon Emporium.
  1403 | D:2      | Reached skill level 3 in Spellcasting
  1589 | D:2      | Learned a level 4 spell: Flame Wave
  1660 | D:3      | Offered knowledge of Hailstorm by Vehumet.
  1875 | D:3      | Found a runed translucent door.
  1876 | D:3      | Noticed Crazy Yiuf
  1883 | D:3      | Killed Crazy Yiuf
  1884 | D:3      | Reached skill level 1 in Armour
  2070 | D:3      | Identified the +5 dagger of the Original Sin {heavy, rElec
                  | rF- rN+ Dex+5}
  2394 | D:3      | Reached *** piety under Vehumet
  2611 | D:3      | Gained mutation: You have a pair of small horns on your
                  | head. [demonic ancestry]
  2611 | D:3      | Reached XP level 6. HP: 42/42 MP: 5/11
  2743 | D:4      | Found a staircase to the Ecumenical Temple.
  2760 | Temple   | Entered the Ecumenical Temple
  3023 | D:4      | Noticed Sigmund
  3032 | D:4      | Killed Sigmund
  3033 | D:4      | Reached skill level 1 in Fighting
  3203 | D:4      | Reached skill level 4 in Spellcasting
  3348 | D:4      | Noticed Edmund
  3364 | D:4      | Killed Edmund
  3365 | D:4      | Gained mutation: You are mostly covered in icy blue scales.
                  | (AC +3) [demonic ancestry]
  3365 | D:4      | Reached XP level 7. HP: 35/48 MP: 7/13
  3379 | D:4      | Gained mutation: You are partially covered in large bone
                  | plates. (SH +4) [potion of mutation]
  3379 | D:4      | Gained mutation: Your spells are a little harder to cast,
                  | but a little more powerful. [potion of mutation]
  3379 | D:4      | Gained mutation: You have a pair of horns on your head.
                  | [potion of mutation]
  3489 | D:4      | Learned a level 3 spell: Hailstorm
  3562 | D:4      | Offered knowledge of Dazzling Flash by Vehumet.
  3707 | D:4      | Found a shimmering blue altar of Sif Muna.
  3710 | D:4      | Found a hide-covered altar of Uskayaw.
  3766 | D:4      | Noticed Dowan
  3768 | D:4      | Noticed Duvessa
  3773 | D:4      | Killed Dowan
  3790 | D:4      | Killed Duvessa
  4096 | D:5      | Entered Level 5 of the Dungeon
  4176 | D:5      | Noticed Eustachio
  4184 | D:5      | Noticed Menkaure
  4185 | D:5      | Killed Eustachio
  4186 | D:5      | Reached skill level 5 in Spellcasting
  4186 | D:5      | Reached XP level 8. HP: 54/54 MP: 15/15
  4190 | D:5      | Killed Menkaure
  4191 | D:5      | Reached skill level 1 in Shields
  4191 | D:5      | Reached skill level 5 in Fire Magic
  4196 | D:5      | Learned a level 3 spell: Dazzling Flash
  4637 | D:5      | Learned a level 2 spell: Call Imp
  5211 | D:5      | Reached skill level 1 in Summonings
  5280 | D:6      | Reached **** piety under Vehumet
  5347 | D:6      | Reached skill level 6 in Spellcasting
  5470 | D:6      | Noticed a two-headed ogre
  5482 | D:6      | Killed a two-headed ogre
  5483 | D:6      | Reached skill level 5 in Stealth
  5483 | D:6      | Mutation became permanent: You have a pair of small horns
                  | on your head. [demonic ancestry]
  5483 | D:6      | Gained mutation: You have a pair of horns on your head.
                  | [demonic ancestry]
  5483 | D:6      | Reached XP level 9. HP: 59/59 MP: 19/19
  5489 | D:6      | Learned a level 3 spell: Ignite Poison
  5680 | D:6      | Found a broken altar of Ashenzari.
  5739 | D:6      | Reached skill level 7 in Spellcasting
  5808 | D:6      | Offered knowledge of Fireball by Vehumet.
  5855 | D:6      | Identified the +4 shortbow of Yniffauc {drain, rF+ rCorr}
  6628 | D:7      | Noticed Maggie
  6641 | D:7      | Killed Maggie
  6642 | D:7      | Reached skill level 1 in Poison Magic
  6762 | D:7      | Reached skill level 8 in Spellcasting
  6891 | D:7      | Gained mutation: Spells you cast may paralyse nearby
                  | enemies. [demonic ancestry]
  6891 | D:7      | Reached XP level 10. HP: 65/65 MP: 22/22
  6935 | D:7      | Reached skill level 1 in Air Magic
  7061 | D:7      | Reached skill level 1 in Transmutations
  7388 | D:8      | Found a bloodstained altar of Trog.
  7415 | D:8      | Found a runed translucent gate.
  7415 | D:8      | Found a runed translucent gate.
  7415 | D:8      | Found a runed translucent gate.
  7416 | D:8      | Noticed AgateBread's ghost (novice HOFE)
  7562 | D:8      | Found a flagged portal.
  7564 | D:8      | Noticed Pikel
  7570 | D:8      | Killed Pikel
  7582 | Bailey   | Entered a bailey
  7590 | Bailey   | Reached ***** piety under Vehumet
  7646 | Bailey   | Offered knowledge of Starburst by Vehumet.
  8135 | D:8      | Found an opulent altar of Gozag.
  8226 | D:8      | Noticed Psyche
  8235 | D:8      | Killed Psyche
  8309 | D:8      | Reached skill level 5 in Summonings
  8469 | D:8      | Reached skill level 9 in Spellcasting
  8477 | D:8      | Killed AgateBread's ghost
  8478 | D:8      | Reached XP level 11. HP: 33/70 MP: 20/24
  8485 | D:8      | Lost mutation: Your spells are a little harder to cast, but
                  | a little more powerful. [potion of mutation]
  8485 | D:8      | Lost mutation: You are partially covered in large bone
                  | plates. (SH +4) [potion of mutation]
  8485 | D:8      | Gained mutation: Your body sometimes deteriorates upon
                  | taking damage. [potion of mutation]
  8485 | D:8      | Gained mutation: You are robust. (+10% HP) [potion of
                  | mutation]
  8485 | D:8      | Gained mutation: You expend magic power (3 MP) to
                  | strengthen your wands. [potion of mutation]
  8486 | D:8      | Lost mutation: You expend magic power (3 MP) to strengthen
                  | your wands. [potion of mutation]
  8486 | D:8      | Lost mutation: You are robust. (+10% HP) [potion of
                  | mutation]
  8486 | D:8      | Gained mutation: Your flesh is cold resistant. (rC+)
                  | [potion of mutation]
  8486 | D:8      | Gained mutation: You are clumsy. (Dex -2) [potion of
                  | mutation]
  8486 | D:8      | Gained mutation: Your magical capacity is low. (-10% MP)
                  | [potion of mutation]
  8745 | D:9      | Noticed a boulder beetle
  8762 | D:9      | Killed a boulder beetle
  8855 | D:9      | Noticed a two-headed ogre
  8867 | D:9      | Killed a two-headed ogre
  9141 | D:9      | Noticed Maurice
  9156 | D:9      | Killed Maurice
  9209 | D:9      | Reached skill level 5 in Armour
  9361 | D:9      | Found a stormy altar of Qazlal.
  9361 | D:9      | Found a basalt altar of Yredelemnul.
  9660 | D:9      | Found a staircase to the Orcish Mines.
  9786 | Orc:1    | Entered Level 1 of the Orcish Mines
  9868 | Orc:1    | Noticed an orc high priest
  9875 | Orc:1    | Offered knowledge of Ozocubu's Refrigeration by Vehumet.
  9882 | Orc:1    | Killed an orc high priest
 10117 | Orc:2    | Entered Level 2 of the Orcish Mines
 10318 | Orc:2    | Found a staircase to the Elven Halls.
 10340 | Orc:2    | Found a frozen archway.
 10355 | IceCv    | Entered an ice cave
 10363 | IceCv    | Reached skill level 10 in Spellcasting
 10545 | IceCv    | Noticed a white ugly thing
 10554 | IceCv    | Killed a white ugly thing
 10555 | IceCv    | Reached skill level 1 in Staves
 10555 | IceCv    | Gained mutation: Spells you cast and wands you use may
                  | paralyse nearby enemies. [demonic ancestry]
 10555 | IceCv    | Reached XP level 12. HP: 56/77 MP: 17/23
 10684 | IceCv    | Reached skill level 1 in Evocations
 10928 | IceCv    | Noticed a death yak
 10930 | IceCv    | Noticed a death yak
 10934 | IceCv    | Offered knowledge of Eringya's Noxious Bog by Vehumet.
 10940 | IceCv    | Killed a death yak
 10964 | IceCv    | Killed a death yak
 11529 | IceCv    | Noticed an ironbound frostheart
 11529 | IceCv    | Noticed a death yak
 11530 | IceCv    | Noticed a death yak
 11530 | IceCv    | Noticed an ironbound frostheart
 11783 | IceCv    | Learned a level 6 spell: Eringya's Noxious Bog
 11787 | IceCv    | Learned a level 3 spell: Mephitic Cloud
 11900 | IceCv    | Killed an ironbound frostheart
 11905 | IceCv    | Killed an ironbound frostheart
 11969 | IceCv    | Killed a death yak
 12006 | IceCv    | Killed a death yak
 12051 | IceCv    | Identified the +0 shortbow of the Sugar Beet {drain, rF+
                  | Str+3 Dex+2}
 12058 | IceCv    | Identified the +0 arbalest "Diemp" {drain, Int+2}
 12592 | Orc:2    | Noticed an orc high priest
 12595 | Orc:2    | Noticed an orc high priest
 12667 | Orc:1    | Noticed Nergalle
 12674 | Orc:1    | Killed Nergalle
 12897 | Orc:2    | Reached skill level 11 in Spellcasting
 13179 | Orc:2    | Noticed an orc high priest
 13184 | Orc:2    | Killed an orc high priest
 13185 | Orc:2    | Reached XP level 13. HP: 67/82 MP: 21/25
 13195 | Orc:2    | Learned a level 5 spell: Freezing Cloud
 13382 | Orc:2    | Reached skill level 5 in Dodging
 13444 | Orc:2    | Reached skill level 1 in Ice Magic
 13714 | Orc:2    | Found Guhoacar's Magic Scroll Boutique.
 13714 | Orc:2    | Found Ycvaciho's Armour Boutique.
 13715 | Orc:2    | Found Vaosa's Book Shop.
 13719 | Orc:2    | Found Zept's Magic Scroll Shop.
 13726 | Orc:2    | Bought an Inescapable Atlas for 416 gold pieces
 13726 | Orc:2    | Bought a manual of Fighting for 1040 gold pieces
 13727 | Orc:2    | Bought a scroll of fear for 56 gold pieces
 13727 | Orc:2    | Bought a scroll of enchant armour for 105 gold pieces
 13727 | Orc:2    | Bought a scroll of enchant weapon for 105 gold pieces
 13727 | Orc:2    | Bought a scroll of teleportation for 42 gold pieces
 13727 | Orc:2    | Bought a scroll of identify for 28 gold pieces
 13728 | Orc:2    | Bought a scroll of identify for 34 gold pieces
 13728 | Orc:2    | Bought a scroll of enchant weapon for 127 gold pieces
 14328 | Orc:2    | Bought a scroll of identify for 34 gold pieces
 14328 | Orc:2    | Bought a scroll of teleportation for 51 gold pieces
 14328 | Orc:2    | Bought a scroll of teleportation for 51 gold pieces
 14394 | Elf:1    | Entered Level 1 of the Elven Halls
 14404 | Elf:1    | Reached skill level 5 in Poison Magic
 14404 | Elf:1    | Slain by an earth elemental

Illustrated notes

Levels and vault maps discovered:
D:1:      spicycebolla_arrival_xxxplode, layout_basic, basic_ecumenical_altar
D:2:      layout_basic, serial_shops, nicolae_shop_rolling_square,
          kennysheep_flooded_box, kennysheep_jessica_study
D:3:      layout_loops_corners, uniq_crazy_yiuf_cottage
D:4:      minmay_spotlight, layout_gridville,
          chequers_temple_overflow_statue_of_worship, temple_fountains,
          uniq_duvessa, uniq_edmund, uniq_sigmund
D:5:      layout_basic, nicolae_grassy_gnolls, uniq_eustachio, uniq_menkaure
D:6:      cheibrodos_helix_gallery, layout_basic, lemuel_coloured_pillars_altar,
          nrook_campfire, grunt_ministairs_4, chequers_serial_rivers_marsh
D:7:      layout_cave_pools, lemuel_doored_altar, serial_bayou,
          serial_bayou_ford_a, serial_bayou_lagoon_a, serial_bayou_pond_e,
          serial_bayou_pond_c, uniq_maggie
D:8:      layout_basic, marbit_many_paths, trog_butcher_becter,
          mainiacjoe_overflow_small_starburst, enter_bailey_2,
          gammafunk_ghost_nasty_kobolds, minivault_5, uniq_pikel, uniq_psyche
D:9:      layout_roguey, gammafunk_temple_overflow_elements, erik_orc_1,
          uniq_maurice
Temple:   nicolae_temple_x_marks_the_god
Orc:1:    layout_diamond_mine, kennysheep_orc_chapel, uniq_nergalle
Orc:2:    st_orc_mages, layout_diamond_mine,
          portal_ice_cave_entry_ice_simulacra, special_room, mines4_lemuel
Elf:1:    minmay_elf_arrival_circle, layout_loops_cross, serial_shops,
          nicolae_shop_getting_attention, orc_legates,
          serial_sigils_hangedman_leer

Skill      XL: |  1  2  3  4  5  6  7  8  9 10 11 12 13 |
---------------+----------------------------------------+-----
Fire Magic     | 3 4 6 7 8 9 |  9.4
Stealth        | 2 3 4 5 |  5.7
Dodging        | 2 4 5 |  5.2
Spellcasting   | 3 4 5 6 8 9 10 11 | 11.3
Armour         | 1 2 4 6 7 |  7.5
Fighting       | 1 2 |  2.2
Conjurations   | 2 3 4 |  4.1
Shields        | 1 2 3 |  3.4
Summonings     | 2 3 5 6 |  6.4
Poison Magic   | 1 3 4 5 |  5.0
Air Magic      | 2 3 |  3.7
Transmutations | 1 2 3 |  3.0
Staves         | 1 |  1.3
Evocations     | 3 4 |  4.4
Ice Magic      | 1 |  1.8
Short Blades   | |  0.6
Axes           | |  0.8
Unarmed Combat | |  0.2
Earth Magic    | |  0.4

Action                     |  1- 3 |  4- 6 |  7- 9 | 10-12 | 13-15 || total
---------------------------+-------+-------+-------+-------+-------++-------
  Melee: Unarmed           |     9 |       |       |       |       ||     9
         Dagger            |    56 |    21 |       |       |       ||    77
         Hand axe          |       |    10 |     4 |       |       ||    14
         Staff             |       |    19 |    24 |    79 |    12 ||   134
         Headbutt          |       |     3 |    11 |    22 |     4 ||    40
         Trident           |       |       |       |       |     2 ||     2
   Cast: Foxfire           |    31 |    14 |    84 |    88 |    24 ||   241
         Scorch            |     4 |    37 |    60 |   295 |    23 ||   419
         Sandblast         |       |     3 |     3 |       |       ||     6
         Flame Wave        |       |     1 |     4 |    14 |     1 ||    20
         Poisonous Vapours |       |       |    18 |   126 |    40 ||   184
         Ignite Poison     |       |       |     9 |    60 |    21 ||    90
         Call Imp          |       |       |     1 |    69 |     6 ||    76
         Dazzling Flash    |       |       |       |     4 |       ||     4
         Hailstorm         |       |       |       |     1 |       ||     1
         Mephitic Cloud    |       |       |       |    15 |     2 ||    17
         Freezing Cloud    |       |       |       |       |     4 ||     4
  Evoke: Wand              |       |       |     2 |       |       ||     2
    Use: Potion            |     1 |       |     4 |    10 |     1 ||    16
         Scroll            |       |     7 |     4 |    12 |     9 ||    32
   Stab: Sleeping          |     2 |     7 |     6 |       |     1 ||    16
         Paralysed         |     1 |    15 |     3 |    32 |     1 ||    52
         Distracted        |       |       |       |     1 |     1 ||     2
         Confused          |       |       |       |     1 |       ||     1
 Armour: Robe              |    20 |       |       |       |       ||    20
         Leather armour    |    11 |    24 |       |    11 |     2 ||    48
         Ring mail         |       |       |    12 |     1 |       ||    13
         Scale mail        |       |       |       |    77 |       ||    77
         Chain mail        |       |       |       |     3 |       ||     3
  Dodge: Dodged            |    36 |    19 |    22 |    85 |    12 ||   174
  Block: Buckler           |       |    10 |    22 |    55 |     6 ||    93
